 Dungeon Crawl Stone Soup version 0.28-a0-726-g4a9143789a (webtiles) character file.

Game seed: 9655592199093404928

95193 ytrimaz the Severer (level 16, -4/144 HPs)
             Began as a Formicid Fighter on Oct 27, 2021.
             Was an Elder of Okawaru.
             Slain by an orc knight (24 damage)
             ... on level 2 of the Orcish Mines.
             The game lasted 00:35:52 (27919 turns).

ytrimaz the Severer (Formicid Fighter)             Turns: 27919, Time: 00:35:52

Health: -4/144     AC: 23    Str: 26    XL:     16   Next: 62%
Magic:  19/24      EV: 12    Int: 10    God:    Okawaru [****..]
Gold:   541        SH:  6    Dex: 10    Spells: 15/15 levels left

rFire   . . .      SeeInvis +   y - +6 battleaxe (elec)
rCold   + + .      Faith    .   c - +0 buckler
rNeg    . . .      Spirit   .   J - +4 swamp dragon scales
rPois   +          Reflect  .   (helmet unavailable)
rElec   .          Harm     .   (no cloak)
rCorr   .          Rampage  .   q - +2 pair of gloves
Will    +....                   F - +1 pair of boots {Fly}
Stlth   ++........              h - amulet of the acrobat
HPRegen 0.34/turn               s - ring of protection from cold
MPRegen 0.19/turn               b - ring of protection from cold

@: heroic, finesse-ful, flying
A: permanent stasis, dig shafts and tunnels, antennae 3, four strong arms,
mutation resistance 1, sense surroundings 1, robust 1
a: Dig, Shaft Self, Renounce Religion, Heroism, Finesse


You were on level 2 of the Orcish Mines.
You worshipped Okawaru.
Okawaru was greatly pleased with you.
You visited 3 branches of the dungeon, and saw 18 of its levels.
You also visited: Bailey.

You collected 1465 gold pieces.
You spent 924 gold pieces at shops.

Inventory:

Hand Weapons
 a - a +1 war axe of freezing
 i - a +2 battleaxe of venom
 o - the +7 falchion of the Lusting Dragonfly {venom, rPois rN+ Will+}
   (You bought it in a shop on level 11 of the Dungeon)

   It poisons the flesh of those it strikes.
   rPois:     It protects you from poison.
   rN:        It protects you from negative energy.
   Will:      It increases your willpower.
 p - a +3 scimitar of flaming
 y - a +6 battleaxe of electrocution (weapon)
Armour
 c - a +0 buckler (worn)
 j - a +1 plate armour
 q - a +2 pair of gloves (worn)
 F - a +1 pair of boots of flying (worn)
 J - +4 swamp dragon scales (worn)
 K - a +0 tower shield
Jewellery
 b - a ring of protection from cold (right hand)
 e - a ring of flight
 g - a ring of wizardry
 h - an amulet of the acrobat (around neck)
 l - a ring of ice
 s - a ring of protection from cold (left hand)
 H - a ring of fire
Wands
 m - a wand of flame (97)
 r - a wand of paralysis (11)
 t - a wand of acid (5)
 w - a wand of iceblast (15)
 z - a wand of digging (7)
 B - a wand of mindburst (16)
Scrolls
 n - 3 scrolls of fog
 u - 2 scrolls of magic mapping
 v - 2 scrolls of amnesia
 A - a scroll of fear
 G - a scroll of silence
Potions
 d - a potion of attraction
 f - 2 potions of brilliance
 k - 4 potions of mutation
 x - a potion of heal wounds
 C - a potion of might
 D - 2 potions of resistance
 E - a potion of ambrosia
 I - a potion of lignification


   Skills:
 + Level 13.5(18.5) Fighting
 * Level 0.2(5.2) Long Blades
 * Level 19.3(24.3) Axes
 + Level 13.2(18.2) Armour
 * Level 4.2(9.2) Shields
 - Level 11.0 Invocations
 - Level 0.9 Evocations


You had 15 spell levels left.
You didn't know any spells.
Your spell library contained the following spells:

 Spells                   Type           Power      Damage    Failure   Level
 Magic Dart               Conj           0%         1d3       43%         1
 Pain                     Necr           0%         1d4       43%         1
 Shock                    Conj/Air       0%         1d3       43%         1
 Ensorcelled Hibernation  Hex/Ice        0%         N/A       58%         2
 Dazzling Flash           Conj/Hex       0%         N/A       82%         3
 Lesser Beckoning         Tloc           0%         N/A       82%         3
 Mephitic Cloud           Conj/Pois/Air  0%         N/A       82%         3
 Ozocubu's Armour         Ice            0%         N/A       82%         3
 Spider Form              Tmut/Pois      0%         N/A       82%         3
 Iskenderun's Mystic Bla  Conj/Tloc      0%         2d3       99%         4
 Petrify                  Tmut/Erth      0%         N/A       99%         4
 Agony                    Necr           0%         N/A       100%        5
 Excruciating Wounds      Necr           0%         N/A       100%        5
 Manifold Assault         Tloc           0%         N/A       100%        5
 Metabolic Englaciation   Hex/Ice        0%         N/A       100%        5
 Conjure Ball Lightning   Conj/Air       0%         3x3d6     100%        6
 Starburst                Conj/Fire      0%         6d3       100%        6
 Statue Form              Tmut/Erth      0%         N/A       100%        6
 Discord                  Hex            0%         N/A       100%        8
 Disjunction              Tloc           0%         N/A       100%        8
 Blink                    Tloc           Unusable   N/A       N/A         2
 Call Imp                 Summ           Unusable   N/A       N/A         2
 Simulacrum               Ice/Necr       Unusable   N/A       N/A         6

Dungeon Overview and Level Annotations

Branches:
Dungeon (15/15)            Temple (1/1) D:7            Lair (0/6) D:8
    Orc (2/2) D:11            Elf (0/3) Orc:2        Vaults (0/5) D:14
 Depths (0/4) D:15         Bailey (visited)

Altars:
Ashenzari
Cheibriados
Dithmenos
Elyvilon
Fedhas
Gozag
Hepliaklqana
Kikubaaqudgha
Makhleb
Nemelex Xobeh
Okawaru
Qazlal
Ru
Sif Muna
Trog
Uskayaw
Vehumet
Wu Jian
Xom
Yredelemnul
Zin
The Shining One
Beogh

Shops:
D:1 [   D:2 (   D:11 (   Orc:2 ?

Annotations:
D:12 exclusion: obsidian statue
D:13 3 runed translucent doors, meatgazer's ghost, journeyman DsAK


Innate Abilities, Weirdness & Mutations

You cannot be hasted, slowed, berserked, paralysed or teleported.
You can dig through walls and to a lower floor.
You have a pair of large antennae on your head. (SInv)
Your four strong arms can wield two-handed weapons with a shield.
You are somewhat resistant to further mutation.
You passively map a small area around you.
You are robust. (+10% HP)


Message History

You completely miss the orc warrior.
The orc warrior is almost dead.
You slice the orc warrior!!
You kill the orc warrior!
Okawaru accepts your kill.
You hit the orc. The orc priest barely misses you.
Unknown command.
Unknown command.
You hit the orc warrior but do no damage.
The orc warrior is almost dead.
You barely miss the orc priest. You slash the orc!
You kill the orc!
Unknown command.
Unknown command.
You slash the orc priest!
The orc priest is severely wounded.
You slash the orc warrior!
You kill the orc warrior!
Okawaru accepts your kill.
You hit the orc warrior but do no damage.
Unknown command.
You slash the orc priest!
You kill the orc priest!
Okawaru accepts your kill.
You slice the orc warrior!!
Lightning courses through the orc warrior!
You kill the orc warrior!
Okawaru accepts your kill.
The orc priest hits you but does no damage.
The orc priest calls down the wrath of Beogh upon you.
Beogh smites you!
* * * LOW HITPOINT WARNING * * *
Items here: )) [ †.
You barely miss the orc priest. You slash the orc knight!
You slice the orc priest!!
Lightning courses through the orc priest!!
You kill the orc priest!
Okawaru accepts your kill.
The orc knight hits you with a +0 battleaxe!!
You die...

##...............#.....
#................##.#..
#.....................
#............##.......
.......)......##..#...
####.))########......
##.o.))).## #.......
#..#)))#..# ####....
*#.oo@))...# ...
#..o#ooo#...# ,...
#..{.o4.....# * ...
#....#o..#....# ...
#......3......# ,*
#....#...#....# * *
#.....o.......# #...
#...#....# ## , , , *
##.


You could see 2 orc knights, an orc high priest (strong), an ice devil
(summoned), a sixfirhy (summoned), 4 orc priests and 3 orcs.

Vanquished Creatures
  Gastronok (D:8)
  2 orc warlords
  2 boulder beetles
  7 hydras
  Erica (D:8)
  7 centaur warriors
  A death knight (D:14)
  6 two-headed ogres
  A tengu warrior (D:15)
  Urug (D:14)
  An orc high priest (Orc:1)
  Sonja (D:11)
  A skeletal warrior (D:14)
  Nergalle (D:12)
  2 wizards
  3 orc knights
  A deep elf pyromancer (D:12)
  A wolf spider (D:15)
  20 ugly things
  6 cyclopes
  A salamander (D:15)
  An orc sorcerer (Orc:1)
  4 manticores
  A water nymph (shapeshifter) (D:15)
  3 gargoyles
  A smoke demon (D:11)
  Maggie (D:8)
  2 unseen horrors
  5 yaktaurs (D:15)
  3 freezing wraiths (D:14)
  An efreet (D:15)
  6 trolls
  Grinder (D:3)
  A blink frog (shapeshifter) (D:12)
  9 slime creatures
  A redback (shapeshifter) (D:14)
  A shadow (D:11)
  6 wraiths
  3 basilisks
  2 vampires
  18 yaks
  A wyvern (D:8)
  A redback simulacrum (D:12)
  A basilisk (shapeshifter) (D:15)
  16 humans (D:14)
  7 vampire mosquitoes
  2 steam dragons
  A warg (Orc:1)
  An acid dragon (D:10)
  2 water moccasins
  2 ice beasts
  2 black bears
  A hornet zombie (D:6)
  36 orc warriors
  2 necrophages
  6 boggarts (D:14)
  4 ogres
  13 centaurs
  2 kobold brigands
  3 bullfrogs
  2 gnoll sergeants
  2 scorpions
  A water moccasin zombie (D:6)
  4 killer bees (D:11)
  A water moccasin skeleton (D:5)
  4 howler monkeys
  5 centaur zombies
  A bullfrog zombie (D:6)
  2 bullfrog skeletons (D:5)
  A centaur skeleton (D:7)
  33 orc priests
  2 hounds
  2 jellies
  A gnoll shaman (D:3)
  2 iguanas
  Jessica (D:3)
  13 orc wizards
  A killer bee zombie (D:8)
  Robin (D:3)
  28 gnolls
  A howler monkey zombie (D:9)
  3 adders
  2 white imps (D:7)
  An ufetubus (D:5)
  4 worms
  3 dart slugs
  83 orcs
  6 ball pythons
  6 endoplasms
  3 giant cockroaches
  32 goblins
  24 hobgoblins
  6 jackals
  7 quokkas
  6 bats
  2 frilled lizards
  15 kobolds
  6 rats
557 creatures vanquished.

Vanquished Creatures (others)
  A glowing orange brain (D:13)
  An orc wizard (Orc:1)
  4 orcs
  7 fungi
  A plant (D:1)
  5 toadstools (D:12)
19 creatures vanquished.

Grand Total: 576 creatures vanquished

Notes
Turn   | Place    | Note
-------+----------+-------------------------------------------
     0 | D:1      | ytrimaz the Formicid Fighter began the quest for the Orb.
     0 | D:1      | Reached XP level 1. HP: 18/18 MP: 1/1
   158 | D:1      | Found a faded altar of an unknown god.
   173 | D:1      | Got Plato's Incunabulum of Attacks
   326 | D:1      | Reached XP level 2. HP: 24/24 MP: 2/2
   542 | D:1      | Reached XP level 3. HP: 29/30 MP: 3/3
   765 | D:1      | Found Barhut Gaqo's Antique Armour Boutique.
  1002 | D:2      | Reached skill level 3 in Axes
  1084 | D:2      | Gained mutation: You passively map a small area around you.
                  | [potion of mutation]
  1084 | D:2      | Gained mutation: You are partially covered in iridescent
                  | scales. (AC +2) [potion of mutation]
  1084 | D:2      | Gained mutation: You are agile. (Dex +2) [potion of
                  | mutation]
  1089 | D:2      | Found Biupn's Weapon Shop.
  1098 | D:2      | Reached XP level 4. HP: 34/37 MP: 4/4
  1859 | D:2      | Found an ornate altar of the Wu Jian Council.
  1915 | D:3      | Noticed Grinder
  1942 | D:3      | Killed Grinder
  1943 | D:3      | Reached skill level 5 in Axes
  1943 | D:3      | Reached XP level 5. HP: 16/43 MP: 5/5
  1943 | D:3      | Reached XP level 6. HP: 19/50 MP: 6/6
  2328 | D:3      | Reached skill level 5 in Fighting
  2354 | D:3      | Noticed Jessica
  2356 | D:3      | Killed Jessica
  2475 | D:3      | Noticed Robin
  2486 | D:3      | Killed Robin
  2956 | D:4      | Reached XP level 7. HP: 31/56 MP: 7/7
  4183 | D:4      | Reached skill level 6 in Axes
  4492 | D:5      | Entered Level 5 of the Dungeon
  4675 | D:5      | Found a snail-covered altar of Cheibriados.
  4971 | D:5      | Reached XP level 8. HP: 56/63 MP: 8/8
  4992 | D:5      | Reached skill level 5 in Armour
  4994 | D:5      | Reached skill level 7 in Axes
  5521 | D:5      | Found a broken altar of Ashenzari.
  6287 | D:6      | Found a basalt altar of Yredelemnul.
  6335 | D:6      | Reached skill level 8 in Axes
  6358 | D:6      | Reached XP level 9. HP: 44/70 MP: 9/9
  7013 | D:6      | Reached skill level 9 in Axes
  7085 | D:6      | Found an opulent altar of Gozag.
  7267 | D:6      | Found a glowing golden altar of the Shining One.
  7269 | D:6      | Noticed an angel
  7481 | D:6      | Noticed a profane servitor
  7962 | D:7      | Reached skill level 10 in Axes
  7967 | D:7      | Reached XP level 10. HP: 20/79 MP: 10/10
  8317 | D:7      | Found a staircase to the Ecumenical Temple.
  8433 | Temple   | Entered the Ecumenical Temple
  8644 | Temple   | Became a worshipper of Warmaster Okawaru
  9198 | D:8      | Noticed Maggie
  9221 | D:8      | Killed Maggie
  9222 | D:8      | Reached skill level 1 in Invocations
  9236 | D:8      | Reached * piety under Okawaru
  9565 | D:8      | Found a staircase to the Lair.
  9578 | D:8      | Reached skill level 11 in Axes
  9921 | D:8      | Noticed Erica
  9931 | D:8      | Killed Erica
  9931 | D:8      | Reached ** piety under Okawaru
 10544 | D:9      | Reached XP level 11. HP: 86/87 MP: 10/13
 10745 | D:9      | Found a blossoming altar of Fedhas.
 10746 | D:9      | Found a sparkling altar of Nemelex Xobeh.
 11445 | D:10     | Entered Level 10 of the Dungeon
 11463 | D:10     | Noticed a two-headed ogre
 11476 | D:10     | Killed a two-headed ogre
 11476 | D:10     | Reached *** piety under Okawaru
 11477 | D:10     | Reached skill level 12 in Axes
 11610 | D:10     | Noticed a two-headed ogre
 11698 | D:10     | Reached skill level 5 in Invocations
 11795 | D:10     | Killed a two-headed ogre
 12098 | D:10     | Found a shimmering altar of Xom.
 12107 | D:10     | Found a bloodstained altar of Trog.
 12142 | D:10     | Reached **** piety under Okawaru
 12696 | D:11     | Found a staircase to the Orcish Mines.
 12728 | D:11     | Noticed a cyclops
 12894 | D:11     | Killed a cyclops
 13095 | D:11     | Found Setur's Antique Weapon Shoppe.
 13099 | D:11     | Noticed a boulder beetle
 13128 | D:11     | Killed a boulder beetle
 13367 | D:11     | Found a burning altar of Makhleb.
 13553 | D:11     | Reached skill level 13 in Axes
 13642 | D:11     | Noticed Sonja
 13682 | D:11     | Killed Sonja
 13683 | D:11     | Reached XP level 12. HP: 22/96 MP: 11/16
 14601 | D:8      | Noticed Gastronok
 14624 | D:8      | Killed Gastronok
 14625 | D:8      | Reached skill level 10 in Armour
 14978 | D:2      | Bought a +5 battleaxe of electrocution for 432 gold pieces
 15254 | D:12     | Noticed a five-headed hydra
 15316 | D:10     | You fall into a shaft and drop 1 floor!
 15797 | D:12     | Reached skill level 10 in Fighting
 15806 | D:12     | Received a gift from Okawaru
 16166 | D:12     | Reached skill level 14 in Axes
 16329 | D:12     | Reached ***** piety under Okawaru
 16516 | D:12     | Noticed a seven-headed hydra
 17149 | D:6      | Lost mutation: You are partially covered in iridescent
                  | scales. (AC +2) [potion of mutation]
 17149 | D:6      | Gained mutation: You are somewhat resistant to further
                  | mutation. [potion of mutation]
 17149 | D:6      | Lost mutation: You are agile. (Dex +2) [potion of mutation]
 17149 | D:6      | Gained mutation: You are robust. (+10% HP) [potion of
                  | mutation]
 17416 | Orc:1    | Entered Level 1 of the Orcish Mines
 17485 | Orc:1    | Found a flagged portal.
 17495 | Bailey   | Entered a bailey
 17702 | Bailey   | Reached XP level 13. HP: 44/114 MP: 16/19
 18242 | Bailey   | Noticed an orc warlord
 18258 | Bailey   | Killed an orc warlord
 18259 | Bailey   | Reached skill level 15 in Axes
 18296 | Bailey   | Reached XP level 14. HP: 84/124 MP: 18/21
 18297 | Bailey   | Reached skill level 10 in Invocations
 18297 | Bailey   | Reached XP level 15. HP: 90/132 MP: 19/22
 18980 | D:12     | Found a sparkling altar of Nemelex Xobeh.
 18981 | D:12     | Found a bloodstained altar of Trog.
 18982 | D:12     | Found a burning altar of Makhleb.
 18982 | D:12     | Found a shimmering altar of Xom.
 19049 | D:12     | Reached skill level 16 in Axes
 19562 | D:12     | Identified the +4 rapier of the Chain {antimagic, Contam
                  | rCorr Dex+9 Stlth-}
 19573 | D:12     | Identified the +9 quarterstaff of Jipt {pain, rC+}
 19656 | D:12     | Noticed Nergalle
 19673 | D:12     | Killed Nergalle
 20132 | D:13     | Noticed meatgazer's ghost (journeyman DsAK)
 20251 | D:13     | Found a runed translucent gate.
 20251 | D:13     | Found a runed translucent gate.
 20253 | D:13     | Found a runed translucent gate.
 20672 | D:13     | Received a gift from Okawaru
 21717 | D:14     | Noticed Urug
 21748 | D:14     | Killed Urug
 21749 | D:14     | Reached skill level 17 in Axes
 22245 | D:14     | Found a gate to the Vaults.
 22920 | D:14     | Reached XP level 16. HP: 37/141 MP: 18/24
 23272 | D:14     | Reached skill level 18 in Axes
 23581 | D:14     | Found a sacrificial altar of Ru.
 23650 | D:15     | Entered Level 15 of the Dungeon
 23655 | D:15     | Found an iron altar of Okawaru.
 25695 | D:15     | Found a staircase to the Depths.
 25712 | D:15     | Reached skill level 19 in Axes
 27565 | D:11     | Bought a glowing battleaxe for 228 gold pieces
 27565 | D:11     | Bought an encrusted falchion for 192 gold pieces
 27565 | D:11     | Identified the +7 falchion of the Lusting Dragonfly {venom,
                  | rPois rN+ Will+} (You bought it in a shop on level 11 of
                  | the Dungeon)
 27590 | Orc:2    | Entered Level 2 of the Orcish Mines
 27856 | Orc:2    | Found a staircase to the Elven Halls.
 27863 | Orc:2    | Found Afoyc's Magic Scroll Shop.
 27871 | Orc:2    | Bought a scroll of identify for 24 gold pieces
 27871 | Orc:2    | Bought a scroll of identify for 24 gold pieces
 27871 | Orc:2    | Bought a scroll of identify for 24 gold pieces
 27919 | Orc:2    | Slain by an orc knight

Illustrated notes

Levels and vault maps discovered:
D:1:      amcnicky_arrival_gap_in_the_tavern_cellar, layout_loops_cross,
          serial_shops, nicolae_shop_overgrown_old_shop,
          shapermc_ecumenical_altar_rom_forum, kennysheep_crisscross,
          amcnicky_mini_corridor_feature
D:2:      layout_basic, basic_altar, serial_shops, nicolae_shop_trees,
          chequers_jeans
D:3:      layout_loops_ring, uniq_grinder, uniq_robin, uniq_jessica
D:4:      layout_loops_ring
D:5:      layout_loops_corners, mainiacjoe_overflow_catch_the_wave
D:6:      layout_cave_pools, grunt_temple_overflow_holy_war,
          mainiacjoe_overflow_cross_hatched, lightli_minifort
D:7:      layout_cave_pools, temple_green, nrook_mini_vaults,
          chequers_serial_rivers_micro_b, hangedman_decor_clover_reticule
D:8:      layout_basic, david_lair_generic, minmay_liquid_box, nrook_campfire,
          uniq_gastronok, uniq_maggie, uniq_erica
D:9:      layout_roguey, mainiacjoe_overflow_divided_tiny,
          roderic_serpentine_path, chequers_serial_rivers_small_3, st_stairs_1,
          solitary_fountain
D:10:     layout_irregular_city, mainiacjoe_overflow_swirl
D:11:     layout_irregular_city, david_orc_3, serial_shops, nicolae_square_shop,
          demons_altar, uniq_sonja
D:12:     minmay_the_grid_octo_tiled_octocenter [minmay_the_grid_octo_pinwheel,
          minmay_the_grid_octo_shrine, minmay_the_grid_octo_fat_diamond,
          minmay_the_grid_octo_clover, minmay_the_grid_octo_prize_single_spiral,
          minmay_the_grid_square_5x5_two_small,
          minmay_the_grid_square_5x5_broken_cross,
          minmay_the_grid_square_5x5_doubleslash,
          minmay_the_grid_square_5x5_inner_i], layout_gridville, minivault_16,
          minmay_gold_behind_fungi, uniq_nergalle
D:13:     layout_loops_ring, gammafunk_ghost_split,
          chequers_serial_rivers_micro_b
D:14:     layout_irregular_city, david_vaults_3, nicolae_ru_path_of_blood
D:15:     hangedman_depths_entry_try_elsewhere_first, layout_long_grid,
          okawaru_gym_becter
Temple:   nicolae_temple_figure_eight
Orc:1:    layout_diamond_mine, enter_bailey_7, minmay_orc_temple_c
Orc:2:    st_orc_pillars, layout_diamond_mine, serial_shops,
          nicolae_shop_crystal

Skill      XL: |  1  2  3  4  5  6  7  8  9 10 11 12 13 14 15 16 |
---------------+-------------------------------------------------+-----
Fighting       | 4 5 6 7 8 9 10 11 12 13 | 13.5
Axes           | 3 5 6 8 10 11 13 14 15 17 19 | 19.3
Armour         | 4 6 7 8 9 10 11 12 13 | 13.2
Invocations    | 3 6 8 9 10 11 | 11.0
Shields        | 4 |  4.2
Long Blades    | |  0.2
Evocations     | |  0.9

Action                   |  1- 3 |  4- 6 |  7- 9 | 10-12 | 13-15 | 16-18 || total
-------------------------+-------+-------+-------+-------+-------+-------++-------
Melee: War axe           |    87 |   122 |   287 |   407 |       |       ||   903
       Battleaxe         |       |       |       |   134 |   272 |   227 ||   633
       Scimitar          |       |       |       |       |    33 |    30 ||    63
Invok: Heroism           |       |       |       |    25 |    13 |     9 ||    47
       Finesse           |       |       |       |     5 |     6 |     4 ||    15
 Abil: Dig               |       |       |     2 |    11 |     3 |     3 ||    19
       Shaft Self        |       |       |       |     1 |       |       ||     1
Evoke: Wand              |       |       |       |     4 |       |       ||     4
  Use: Scroll            |     4 |     4 |     5 |     9 |     3 |     6 ||    31
       Potion            |     1 |     2 |       |     5 |     3 |     2 ||    13
 Stab: Invisible         |       |       |       |    10 |       |       ||    10
       Distracted        |       |       |       |       |     1 |       ||     1
Armor: Scale mail        |    40 |    48 |    62 |       |       |       ||   150
       Chain mail        |       |       |    80 |   264 |   204 |    71 ||   619
       Skin              |       |       |       |    13 |       |       ||    13
       Swamp dragon scal |       |       |       |       |       |    29 ||    29
Dodge: Dodged            |    48 |    68 |   158 |   269 |   206 |   153 ||   902
Block: Buckler           |    23 |    27 |    63 |   125 |    71 |    48 ||   357

Table legend: (Time is in decaauts)
 A = Elapsed time spent in this place.
 B = Non-inter-level travel time spent in this place.
 C = Inter-level travel time spent in this place.
 D = Time resting spent in this place.
 E = Time spent auto-exploring this place.
 F = Levels seen in this place.
 G = Mean time per level.
                   A        B        C        D        E       F      G
               +--------+--------+--------+--------+--------+-----+--------+
         Total |  27756 |  26181 |   1575 |   8493 |  13237 |  19 | 1460.8 |
       Dungeon |  24994 |  23505 |   1489 |   7915 |  11718 |  15 | 1666.3 |
        Temple |    223 |    214 |      9 |      0 |    198 |   1 |  223.0 |
  Orcish Mines |   1559 |   1482 |     77 |    121 |   1035 |   2 |  779.5 |
        Bailey |    978 |    978 |      0 |    457 |    286 |   1 |  978.0 |
               +--------+--------+--------+--------+--------+-----+--------+

Top non-repeatable levels by time:
    D:11: 2779 daAuts
    D:12: 2613 daAuts
    D:14: 2446 daAuts
     D:5: 2288 daAuts
    D:15: 2131 daAuts
     D:8: 1678 daAuts
     D:3: 1553 daAuts
    D:13: 1369 daAuts
     D:9: 1368 daAuts
    D:10: 1285 daAuts
   Orc:1: 1248 daAuts
     D:7: 1225 daAuts
     D:4: 1148 daAuts
     D:6: 1133 daAuts
     D:1: 994 daAuts
